3AA
BILLINGS POLAR BEARS @ FT. POLK SOUTH THUNDER HAWKS
07/05/2026
 
TOP OF THE 1ST
Billings Polar Bears batting - Pitching for Ft. Polk South Thunder Hawks : LHP Jim Unknown
Pitching: LHP Jim Unknown
Batting: RHB Jeff Conn 0-0: Ball
1-0: Ball
2-0: Ball
3-0: Base on Balls
Batting: RHB Lúcio Marín 0-0: Called Strike
Jeff Conn steals 2nd base
0-1: Ball
1-1: Foul Ball, location: 2F
1-2: Foul Ball, location: 2F
1-2: Ball
2-2: SINGLE (Line Drive, 34)
Jeff Conn to third
Runner from 3rd tries for Home, SAFE, no throw
Batting: RHB Matt Roloff 0-0: Ball
1-0: Called Strike
1-1: Ball
2-1: Ball
3-1: Foul Ball, location: 2F
3-2: Strikes out swinging
Batting: RHB Fokke Willemsen 0-0: Called Strike
0-1: Swinging Strike
0-2: Strikes out looking
Batting: LHB Homer Spence 0-0: Called Strike
0-1: Foul Ball, location: 2F
0-2: Ball
1-2: Foul Ball, location: 2F
1-2: Ball
2-2: Foul Ball, location: 2F
2-2: Strikes out swinging
Top of the 1st over - 1 run(s), 1 hit(s), 0 error(s), 1 left on base; Billings 1 - Ft. Polk South 0
BOTTOM OF THE 1ST
Ft. Polk South Thunder Hawks batting - Pitching for Billings Polar Bears : RHP Horatio Leguizamo
Pitching: RHP Horatio Leguizamo
Batting: RHB Jorge Flores 0-0: Ball
1-0: Called Strike
1-1: Ball
2-1: Ball
3-1: Base on Balls
Batting: RHB Rob Morse 0-0: Foul Ball, location: 2F
0-1: Ball
1-1: Ball
2-1: Foul Ball, location: 2F
2-2: Foul Ball, location: 2F
2-2: Foul Ball, location: 2F
2-2: SINGLE (Line Drive, 4MD)
Jorge Flores to second
Batting: RHB José Morín 0-0: Fly out, F9 (Flyball, 9S)
Batting: LHB Miguel Martínez 0-0: Ball
1-0: Ball
2-0: Foul Ball, location: 2F
2-1: Fielders Choice at 2nd, 6-4 (Groundball, 6M)
Jorge Flores to third
Batting: RHB David Phipps 0-0: Ball
1-0: Foul Ball, location: 2F
1-1: Called Strike
1-2: Ball
2-2: Fly out, F4 (Popup, 3D)
Bottom of the 1st over - 0 run(s), 1 hit(s), 0 error(s), 2 left on base; Billings 1 - Ft. Polk South 0
TOP OF THE 2ND
Billings Polar Bears batting - Pitching for Ft. Polk South Thunder Hawks : LHP Jim Unknown
Batting: RHB Fernando Trinidad 0-0: Swinging Strike
0-1: Swinging Strike
0-2: Ball
1-2: Ball
2-2: Foul Ball, location: 2F
2-2: Foul Ball, location: 2F
2-2: Strikes out looking
Batting: LHB Víctor Fortis 0-0: Called Strike
0-1: Fly out, F4 (Popup, 4S)
Batting: RHB Nathan Landrum 0-0: Ball
1-0: Called Strike
1-1: Foul Ball, location: 2F
1-2: Ball
2-2: Foul Ball, location: 2F
2-2: Ground out 5-3 (Groundball, 5)
Top of the 2nd over - 0 run(s), 0 hit(s), 0 error(s), 0 left on base; Billings 1 - Ft. Polk South 0
BOTTOM OF THE 2ND
Ft. Polk South Thunder Hawks batting - Pitching for Billings Polar Bears : RHP Horatio Leguizamo
Batting: RHB Jorge Rivera 0-0: Ball
1-0: Ball
2-0: Ball
3-0: Called Strike
3-1: Called Strike
3-2: DOUBLE (Line Drive, 9)
Pitching: RHP Wyatt Meek
Batting: RHB Rodney Dudley 0-0: Swinging Strike
0-1: Swinging Strike
0-2: Ball
1-2: Ball
2-2: Strikes out looking
Batting: RHB Iván Hernández 0-0: Foul Ball, location: 2F
0-1: Ball
1-1: Foul Ball, location: 2F
1-2: Strikes out swinging
Batting: RHB Juan Báez 0-0: Called Strike
0-1: Ball
1-1: Swinging Strike
1-2: Strikes out swinging
Bottom of the 2nd over - 0 run(s), 1 hit(s), 0 error(s), 1 left on base; Billings 1 - Ft. Polk South 0
TOP OF THE 3RD
Billings Polar Bears batting - Pitching for Ft. Polk South Thunder Hawks : LHP Jim Unknown
Batting: RHB Arturo Mateo 0-0: Ball
1-0: Foul Ball, location: 2F
1-1: Ground out 5-3 (Groundball, 56)
Batting: RHB Jeff Conn 0-0: Swinging Strike
0-1: Ball
1-1: Ball
2-1: Swinging Strike
2-2: Ball
3-2: SINGLE (Groundball, 34D)
Batting: RHB Lúcio Marín 0-0: Ball
1-0: Ball
2-0: Ball
3-0: Base on Balls
Jeff Conn to second
Batting: RHB Matt Roloff 0-0: Called Strike
Jeff Conn steals 3rd base
Lúcio Marín to second
0-1: Ball
1-1: Ball
2-1: Reached on error, E5 (Groundball, 56S)
Jeff Conn scores
Lúcio Marín to third
Batting: RHB Fokke Willemsen 0-0: SINGLE (Flyball, 7LM)
Lúcio Marín scores
Matt Roloff to second
Batting: LHB Homer Spence 0-0: Foul Ball, location: 2F
0-1: Ball
1-1: Foul Ball, location: 2F
1-2: Ball
2-2: Strikes out swinging
Batting: RHB Fernando Trinidad 0-0: Called Strike
0-1: Foul Ball, location: 2F
0-2: Strikes out swinging
Top of the 3rd over - 2 run(s), 2 hit(s), 1 error(s), 2 left on base; Billings 3 - Ft. Polk South 0
BOTTOM OF THE 3RD
Ft. Polk South Thunder Hawks batting - Pitching for Billings Polar Bears : RHP Wyatt Meek
Batting: RHB Jorge Flores 0-0: Ball
1-0: Ball
2-0: Ball
3-0: Called Strike
3-1: Called Strike
3-2: Strikes out swinging
Batting: RHB Rob Morse 0-0: Ball
1-0: Ground out 4-3 (Groundball, 4)
Batting: RHB José Morín 0-0: Swinging Strike
0-1: Swinging Strike
0-2: Ball
1-2: Fly out, F9 (Flyball, 9S)
Bottom of the 3rd over - 0 run(s), 0 hit(s), 0 error(s), 0 left on base; Billings 3 - Ft. Polk South 0
TOP OF THE 4TH
Billings Polar Bears batting - Pitching for Ft. Polk South Thunder Hawks : LHP Jim Unknown
Batting: LHB Víctor Fortis 0-0: Called Strike
0-1: Foul Ball, location: 2F
0-2: Ball
1-2: Ball
2-2: Foul Ball, location: 2F
2-2: Ball
3-2: Foul Ball, location: 2F
3-2: SINGLE (Flyball, 7S)
Batting: RHB Nathan Landrum 0-0: Ball
1-0: Swinging Strike
1-1: Ball
2-1: Foul Ball, location: 2F
2-2: DOUBLE (Line Drive, 8LXD)
Víctor Fortis to third
Runner from 3rd tries for Home, SAFE, throw made home
Batting: RHB Arturo Mateo 0-0: Ball
1-0: Swinging Strike
1-1: Ball
2-1: Ball
3-1: Base on Balls
Batting: RHB Jeff Conn 0-0: Called Strike
0-1: Called Strike
0-2: Strikes out swinging
Batting: RHB Lúcio Marín 0-0: Ground out 4-3 (Groundball, 4S)
Nathan Landrum to third
Arturo Mateo to second
Batting: RHB Matt Roloff 0-0: Foul Ball, location: 2F
0-1: Ball
1-1: Ground out 6-3 (Groundball, 6)
Top of the 4th over - 1 run(s), 2 hit(s), 0 error(s), 2 left on base; Billings 4 - Ft. Polk South 0
BOTTOM OF THE 4TH
Ft. Polk South Thunder Hawks batting - Pitching for Billings Polar Bears : RHP Wyatt Meek
Batting: LHB Miguel Martínez 0-0: SINGLE (Line Drive, 8RS)
Batting: RHB David Phipps 0-0: Ball
1-0: Called Strike
1-1: Grounds into double play, 5-4-3 (Groundball, 56)
Batting: RHB Jorge Rivera 0-0: Ball
1-0: Called Strike
1-1: Foul Ball, location: 2F
1-2: Foul Ball, location: 2F
1-2: Ball
2-2: Foul Ball, location: 2F
2-2: Ball
3-2: Ground out 5-3 (Groundball, 56S)
Bottom of the 4th over - 0 run(s), 1 hit(s), 0 error(s), 0 left on base; Billings 4 - Ft. Polk South 0
TOP OF THE 5TH
Billings Polar Bears batting - Pitching for Ft. Polk South Thunder Hawks : LHP Jim Unknown
Batting: RHB Fokke Willemsen 0-0: Foul Ball, location: 2F
0-1: Ball
1-1: SINGLE (Line Drive, 56D)
Batting: LHB Homer Spence 0-0: Ball
1-0: Called Strike
1-1: Ball
2-1: Ball
3-1: Base on Balls
Fokke Willemsen to second
Batting: RHB Fernando Trinidad 0-0: Called Strike
0-1: Swinging Strike
0-2: Foul Ball, location: 2F
0-2: Ball
1-2: Foul Ball, location: 2F
1-2: Ball
2-2: Grounds into double play, 6-4-3 (Groundball, 6)
Fokke Willemsen to third
Batting: LHB Víctor Fortis 0-0: Ball
1-0: Foul Ball, location: 2F
1-1: Ball
2-1: Foul Ball, location: 2F
2-2: Foul Ball, location: 2F
2-2: Foul Ball, location: 2F
2-2: Strikes out looking
Top of the 5th over - 0 run(s), 1 hit(s), 0 error(s), 1 left on base; Billings 4 - Ft. Polk South 0
BOTTOM OF THE 5TH
Ft. Polk South Thunder Hawks batting - Pitching for Billings Polar Bears : RHP Wyatt Meek
Pitching: RHP Rafael Avelar
Batting: RHB Rodney Dudley 0-0: Ball
1-0: Fly out, F7 (Flyball, 78M)
Batting: RHB Iván Hernández 0-0: Swinging Strike
0-1: Foul Ball, location: 2F
0-2: Ball
1-2: Ball
2-2: Ball
3-2: Base on Balls
Batting: RHB Juan Báez 0-0: Ball
1-0: Ball
2-0: Called Strike
2-1: Called Strike
2-2: Strikes out swinging
Batting: RHB Jorge Flores 0-0: Called Strike
0-1: Ball
1-1: Swinging Strike
1-2: Ball
Iván Hernández steals 2nd base
2-2: Ball
3-2: Foul Ball, location: 2F
3-2: Base on Balls
Batting: RHB Rob Morse 0-0: Ball
1-0: Ground out 1-3 (Groundball, 13S)
Bottom of the 5th over - 0 run(s), 0 hit(s), 0 error(s), 2 left on base; Billings 4 - Ft. Polk South 0
TOP OF THE 6TH
Billings Polar Bears batting - Pitching for Ft. Polk South Thunder Hawks : LHP Jim Unknown
Batting: RHB Nathan Landrum 0-0: Foul Ball, location: 2F
0-1: Swinging Strike
0-2: Ball
1-2: Ball
2-2: Foul Ball, location: 2F
2-2: Foul Ball, location: 2F
2-2: Ball
3-2: SINGLE (Groundball, 56D)
Pitching: RHP Randall McLean
Batting: RHB Arturo Mateo 0-0: Bunted foul
0-1: Bunted foul
0-2: Fly out, F9 (Flyball, 89D)
Batting: RHB Jeff Conn 0-0: Fly out, F5 (Popup, 5L)
Batting: RHB Lúcio Marín 0-0: Ball
1-0: Called Strike
1-1: Ball
2-1: Foul Ball, location: 2F
2-2: Fly out, F9 (Flyball, 89M)
Top of the 6th over - 0 run(s), 1 hit(s), 0 error(s), 1 left on base; Billings 4 - Ft. Polk South 0
BOTTOM OF THE 6TH
Ft. Polk South Thunder Hawks batting - Pitching for Billings Polar Bears : RHP Rafael Avelar
Batting: RHB José Morín 0-0: Foul Ball, location: 2F
0-1: Swinging Strike
0-2: Ball
1-2: Strikes out swinging
Batting: LHB Miguel Martínez 0-0: Swinging Strike
0-1: Ball
1-1: Ball
2-1: Ball
3-1: Foul Ball, location: 2F
3-2: Base on Balls
Batting: RHB David Phipps 0-0: Ball
1-0: Swinging Strike
1-1: Called Strike
1-2: Foul Ball, location: 2F
1-2: Strikes out swinging
Pitching: LHP Seihaci Igarachi
Batting: RHB Jorge Rivera 0-0: Ball
1-0: Ball
2-0: Ball
3-0: Called Strike
3-1: Foul Ball, location: 2F
3-2: SINGLE (Groundball, 34D)
Miguel Martínez to second
Miguel Martínez to third
Batting: RHB Rodney Dudley 0-0: Ball
1-0: Foul Ball, location: 2F
1-1: Ball
2-1: Called Strike
2-2: Ball
3-2: Ground out 5-3 (Groundball, 56S)
Bottom of the 6th over - 0 run(s), 1 hit(s), 0 error(s), 2 left on base; Billings 4 - Ft. Polk South 0
TOP OF THE 7TH
Billings Polar Bears batting - Pitching for Ft. Polk South Thunder Hawks : RHP Randall McLean
Batting: RHB Matt Roloff 0-0: Foul Ball, location: 2F
0-1: Ball
1-1: Ball
2-1: Swinging Strike
2-2: Ground out 5-3 (Groundball, 5L)
Batting: RHB Fokke Willemsen 0-0: Foul Ball, location: 2F
0-1: Swinging Strike
0-2: SINGLE (Groundball, 56D)
Batting: LHB Homer Spence 0-0: Ball
1-0: SINGLE (Groundball, 56D)
Fokke Willemsen to second
Batting: RHB Fernando Trinidad 0-0: Fly out, F6 (Line Drive, 6)
Lined into DP, 6-4 (Line Drive, 6)
Top of the 7th over - 0 run(s), 2 hit(s), 0 error(s), 1 left on base; Billings 4 - Ft. Polk South 0
BOTTOM OF THE 7TH
Ft. Polk South Thunder Hawks batting - Pitching for Billings Polar Bears : LHP Seihaci Igarachi
Batting: RHB Iván Hernández 0-0: Fly out, F8 (Line Drive, 8RM)
Batting: RHB Juan Báez 0-0: Called Strike
0-1: Ball
1-1: Swinging Strike
1-2: Strikes out swinging
Batting: RHB Jorge Flores 0-0: Ball
1-0: Called Strike
1-1: Swinging Strike
1-2: Ball
2-2: Strikes out swinging
Bottom of the 7th over - 0 run(s), 0 hit(s), 0 error(s), 0 left on base; Billings 4 - Ft. Polk South 0
TOP OF THE 8TH
Billings Polar Bears batting - Pitching for Ft. Polk South Thunder Hawks : RHP Randall McLean
Batting: LHB Víctor Fortis 0-0: Ball
1-0: Ball
2-0: Called Strike
2-1: Foul Ball, location: 2F
2-2: Strikes out swinging
Batting: RHB Nathan Landrum 0-0: Ground out 5-3 (Groundball, 56)
Batting: RHB Arturo Mateo 0-0: Called Strike
0-1: Ball
1-1: Ball
2-1: Foul Ball, location: 2F
2-2: Ball
3-2: Base on Balls
Batting: RHB Jeff Conn 0-0: Ball
1-0: Ball
2-0: Ball
3-0: Base on Balls
Arturo Mateo to second
Batting: RHB Lúcio Marín 0-0: Ball
1-0: Ball
2-0: DOUBLE (Line Drive, 78M)
Arturo Mateo scores
Jeff Conn to third
Runner from 3rd tries for Home, SAFE, no throw
Batting: RHB Matt Roloff 0-0: Swinging Strike
0-1: 2-RUN HOME RUN (Flyball, 8RXD), Distance : 431 ft
Pitching: LHP Jim Unknown
Batting: RHB Fokke Willemsen 0-0: Fly out, F8 (Flyball, 8RS)
Top of the 8th over - 4 run(s), 2 hit(s), 0 error(s), 0 left on base; Billings 8 - Ft. Polk South 0
BOTTOM OF THE 8TH
Ft. Polk South Thunder Hawks batting - Pitching for Billings Polar Bears : LHP Seihaci Igarachi
Now at 2B: Landon Lovelace
Now in LF: Jorge Díaz
Batting: RHB Rob Morse 0-0: Called Strike
0-1: Ball
1-1: Ball
2-1: SOLO HOME RUN (Flyball, 78XD), Distance : 404 ft
Batting: RHB José Morín 0-0: Called Strike
0-1: Ball
1-1: Fly out, F9 (Flyball, 89M)
Pitching: RHP Jim Unknown
Batting: LHB Miguel Martínez 0-0: Foul Ball, location: 2F
0-1: Foul Ball, location: 2F
0-2: Foul Ball, location: 2F
0-2: Ball
1-2: Ball
2-2: Ball
3-2: Ground out 4-3 (Groundball, 34)
Batting: RHB David Phipps 0-0: Called Strike
0-1: Ball
1-1: Foul Ball, location: 2F
1-2: Ball
2-2: Fly out, F7 (Flyball, 7S)
Bottom of the 8th over - 1 run(s), 1 hit(s), 0 error(s), 0 left on base; Billings 8 - Ft. Polk South 1
TOP OF THE 9TH
Billings Polar Bears batting - Pitching for Ft. Polk South Thunder Hawks : LHP Jim Unknown
Batting: LHB Homer Spence 0-0: Called Strike
0-1: Ball
1-1: Called Strike
1-2: SINGLE (Groundball, 56D)
Batting: RHB Fernando Trinidad 0-0: Fly out, F9 (Line Drive, 9LS)
Batting: LHB Víctor Fortis 0-0: Called Strike
0-1: Ball
1-1: Ball
2-1: Ball
3-1: Ground out 3-1 (Groundball, 23)
Homer Spence to second
Batting: RHB Nathan Landrum 0-0: Ball
1-0: Ball
2-0: Ball
3-0: Base on Balls
Batting: RHB Arturo Mateo 0-0: Called Strike
0-1: Swinging Strike
0-2: Strikes out swinging
Top of the 9th over - 0 run(s), 1 hit(s), 0 error(s), 2 left on base; Billings 8 - Ft. Polk South 1
BOTTOM OF THE 9TH
Ft. Polk South Thunder Hawks batting - Pitching for Billings Polar Bears : RHP Jim Unknown
Batting: RHB Jorge Rivera 0-0: Called Strike
0-1: Ball
1-1: Foul Ball, location: 2F
1-2: Strikes out swinging
Batting: RHB Rodney Dudley 0-0: Ball
1-0: Foul Ball, location: 2F
1-1: Ground out 6-3 (Groundball, 6)
Batting: RHB Iván Hernández 0-0: DOUBLE (Line Drive, 89D)
Batting: RHB Juan Báez 0-0: SINGLE (Groundball, 34D)
Iván Hernández to third
Runner from 3rd tries for Home, SAFE, no throw
Batting: RHB Jorge Flores 0-0: Called Strike
0-1: Ball
1-1: Ball
Passed Ball!
Juan Báez to second
2-1: Foul Ball, location: 2F
2-2: Strikes out swinging
Bottom of the 9th over - 1 run(s), 2 hit(s), 0 error(s), 1 left on base; Billings 8 - Ft. Polk South 2
Monday, March 20th, 2017 - OOTP Baseball 17.12 Build 75